TOP OF THE 1ST |
Buffalo LightSabres batting - Pitching for Rio Grande Rattlesnake : RHP Manny Silva
|
Pitching: RHP Manny Silva
|
|
Batting: SHB Jason Mason
|
0-0: Ball 1-0: Called Strike 1-1: Foul Ball, location: 2F 1-2: Ball 2-2: Ball 3-2: Strikes out looking
|
Batting: RHB Gabriel Ángel
|
0-0: Called Strike 0-1: Swinging Strike 0-2: Ball 1-2: Ball 2-2: Ball 3-2: Ground out 1-3 (Groundball, 15S)
|
Batting: LHB Garrett King
|
0-0: Called Strike 0-1: Swinging Strike 0-2: Strikes out looking
|
Top of the 1st over - 0 run(s), 0 hit(s), 0 error(s), 0 left on base; Buffalo 0 - Rio Grande 0 |
BOTTOM OF THE 1ST |
Rio Grande Rattlesnake batting - Pitching for Buffalo LightSabres : RHP Howard Jewel
|
Pitching: RHP Howard Jewel
|
|
Batting: RHB Jaime Delgado
|
0-0: Foul Ball, location: 2F 0-1: Swinging Strike 0-2: Fly out, F8 (Flyball, 78M)
|
Batting: SHB William Daly
|
0-0: Fly out, F5 (Popup, 56S)
|
Batting: LHB Claudio Rodríguez
|
0-0: Called Strike 0-1: Foul Ball, location: 2F 0-2: Ball 1-2: Strikes out swinging
|
Bottom of the 1st over - 0 run(s), 0 hit(s), 0 error(s), 0 left on base; Buffalo 0 - Rio Grande 0 |
TOP OF THE 2ND |
Buffalo LightSabres batting - Pitching for Rio Grande Rattlesnake : RHP Manny Silva
|
Batting: LHB Zack Payton
|
0-0: Ball 1-0: Ball 2-0: Foul Ball, location: 2F 2-1: Ball 3-1: SINGLE (Groundball, 4D)
|
Batting: LHB Craig Kenney
|
0-0: Ball 1-0: Called Strike 1-1: Ball 2-1: Foul Ball, location: 2F 2-2: Foul Ball, location: 2F 2-2: Ball 3-2: Grounds into double play, 6-4-3 (Groundball, 6)
|
Batting: RHB Augusto Padilla
|
0-0: Called Strike 0-1: Ground out 6-3 (Groundball, 6)
|
Top of the 2nd over - 0 run(s), 1 hit(s), 0 error(s), 0 left on base; Buffalo 0 - Rio Grande 0 |
BOTTOM OF THE 2ND |
Rio Grande Rattlesnake batting - Pitching for Buffalo LightSabres : RHP Howard Jewel
|
Batting: RHB Iván De Jesús
|
0-0: Ball 1-0: Ball 2-0: Ball 3-0: Base on Balls
|
Batting: RHB Jeff Bane
|
0-0: Ball 1-0: Ball 2-0: Called Strike 2-1: Ball 3-1: Base on Balls Iván De Jesús to second
|
Batting: RHB David Suarze
|
0-0: Called Strike Iván De Jesús steals 3rd base Jeff Bane to second 0-1: TRIPLE (Groundball, 3L) Iván De Jesús scores Jeff Bane scores
|
Batting: RHB Gilberto Silva
|
0-0: Swinging Strike 0-1: Ground out 4-3 (Groundball, 4) David Suarze scores
|
Batting: RHB Manny Moreno
|
0-0: Called Strike 0-1: Swinging Strike 0-2: Strikes out looking
|
Batting: SHB Jeremy Holmes
|
0-0: Called Strike 0-1: Foul Ball, location: 2F 0-2: SINGLE (Line Drive, 4M)
|
Batting: RHB Jaime Delgado
|
0-0: Ball 1-0: Called Strike Jeremy Holmes steals 2nd base 1-1: Ball 2-1: Foul Ball, location: 2F 2-2: Strikes out swinging
|
Bottom of the 2nd over - 3 run(s), 2 hit(s), 0 error(s), 1 left on base; Buffalo 0 - Rio Grande 3 |
TOP OF THE 3RD |
Buffalo LightSabres batting - Pitching for Rio Grande Rattlesnake : RHP Manny Silva
|
Batting: RHB Mario Solís
|
0-0: Ball 1-0: Ball 2-0: Fly out, F5 (Popup, 5D)
|
Batting: RHB Mike Wagner
|
0-0: Reached on error, E5 (Groundball, 56)
|
Batting: RHB Pedro Romero
|
0-0: Ball 1-0: Ball 2-0: Called Strike 2-1: Called Strike 2-2: Strikes out looking
|
Batting: SHB Jason Mason
|
0-0: Ball 1-0: Foul Ball, location: 2F 1-1: Ground out U3 (Groundball, 3L)
|
Top of the 3rd over - 0 run(s), 0 hit(s), 1 error(s), 1 left on base; Buffalo 0 - Rio Grande 3 |
BOTTOM OF THE 3RD |
Rio Grande Rattlesnake batting - Pitching for Buffalo LightSabres : RHP Howard Jewel
|
Batting: SHB William Daly
|
0-0: Ball 1-0: Foul Ball, location: 2F 1-1: Foul Ball, location: 2F 1-2: Foul Ball, location: 2F 1-2: Foul Ball, location: 2F 1-2: Foul Ball, location: 2F 1-2: Ball 2-2: Fly out, F7 (Flyball, 78D)
|
Batting: LHB Claudio Rodríguez
|
0-0: SOLO HOME RUN (Line Drive, 9LD), Distance : 337 ft
|
Batting: RHB Iván De Jesús
|
0-0: Ball 1-0: Ball 2-0: Foul Ball, location: 2F 2-1: Foul Ball, location: 2F 2-2: Ball 3-2: SOLO HOME RUN (Flyball, 8RXD), Distance : 406 ft
|
Batting: RHB Jeff Bane
|
0-0: SINGLE (Line Drive, 8RS)
|
Batting: RHB David Suarze
|
0-0: Ball 1-0: Foul Ball, location: 2F 1-1: Ball 2-1: Ball 3-1: Base on Balls Jeff Bane to second
|
Batting: RHB Gilberto Silva
|
0-0: Ball Jeff Bane steals 3rd base David Suarze to second 1-0: DOUBLE (Line Drive, 9LS) Jeff Bane scores David Suarze scores
|
Batting: RHB Manny Moreno
|
0-0: Ball 1-0: Ball 2-0: Ball 3-0: Called Strike 3-1: Called Strike 3-2: SINGLE (Groundball, 56D) Gilberto Silva to third Runner from 3rd tries for Home, SAFE, no throw
|
Pitching: RHP Travis Whitney
|
|
Batting: SHB Jeremy Holmes
|
0-0: Called Strike 0-1: Called Strike Manny Moreno steals 2nd base 0-2: Ball 1-2: SINGLE (Line Drive, 78S) Manny Moreno to third Runner from 3rd tries for Home, SAFE, no throw
|
Batting: RHB Jaime Delgado
|
0-0: Foul Ball, location: 2F 0-1: Foul Ball, location: 2F 0-2: Ball 1-2: Strikes out swinging
|
Batting: SHB William Daly
|
0-0: Foul Ball, location: 2F 0-1: Called Strike 0-2: Ball 1-2: Foul Ball, location: 2F 1-2: Foul Ball, location: 2F 1-2: 2-RUN HOME RUN (Flyball, 78XD), Distance : 397 ft
|
Batting: LHB Claudio Rodríguez
|
0-0: Called Strike 0-1: Ball 1-1: Ball 2-1: Foul Ball, location: 2F 2-2: Foul Ball, location: 2F 2-2: Ball 3-2: Foul Ball, location: 2F 3-2: Foul Ball, location: 2F 3-2: Foul Ball, location: 2F 3-2: Foul Ball, location: 2F 3-2: Base on Balls
|
Batting: RHB Iván De Jesús
|
0-0: Ball 1-0: DOUBLE (Line Drive, 78M) Claudio Rodríguez to third
|
Batting: RHB Jeff Bane
|
0-0: Ball 1-0: Ball 2-0: Foul Ball, location: 2F 2-1: Ball 3-1: Base on Balls
|
Batting: RHB David Suarze
|
0-0: Fielders Choice at 2nd, 5-4 (Groundball, 56)
|
Bottom of the 3rd over - 8 run(s), 8 hit(s), 0 error(s), 2 left on base; Buffalo 0 - Rio Grande 11 |
TOP OF THE 4TH |
Buffalo LightSabres batting - Pitching for Rio Grande Rattlesnake : RHP Manny Silva
|
Batting: RHB Gabriel Ángel
|
0-0: Ball 1-0: Ball 2-0: Foul Ball, location: 2F 2-1: Ball 3-1: Swinging Strike 3-2: Base on Balls
|
Batting: LHB Garrett King
|
0-0: Swinging Strike 0-1: Ball 1-1: Swinging Strike 1-2: Ball 2-2: Strikes out swinging
|
Batting: LHB Zack Payton
|
0-0: Called Strike 0-1: Called Strike 0-2: Strikes out swinging
|
Batting: LHB Craig Kenney
|
0-0: Ball 1-0: Foul Ball, location: 2F 1-1: SINGLE (Groundball, 56D) Gabriel Ángel to second
|
Batting: RHB Augusto Padilla
|
0-0: Ball 1-0: Swinging Strike 1-1: Swinging Strike 1-2: Foul Ball, location: 2F 1-2: Fly out, F4 (Line Drive, 4D)
|
Top of the 4th over - 0 run(s), 1 hit(s), 0 error(s), 2 left on base; Buffalo 0 - Rio Grande 11 |
BOTTOM OF THE 4TH |
Rio Grande Rattlesnake batting - Pitching for Buffalo LightSabres : RHP Travis Whitney
|
Batting: RHB Gilberto Silva
|
0-0: Foul Ball, location: 2F 0-1: Ball 1-1: Ball 2-1: Foul Ball, location: 2F 2-2: SINGLE (Flyball, 8LM)
|
Batting: RHB Manny Moreno
|
0-0: Ball Gilberto Silva steals 2nd base 1-0: Ground out 6-3 (Groundball, 6)
|
Batting: SHB Jeremy Holmes
|
0-0: Ball 1-0: SINGLE (Groundball, 4D) Gilberto Silva to third Runner from 3rd tries for Home, SAFE, throw made home
|
Batting: RHB Jaime Delgado
|
0-0: Ball 1-0: Called Strike 1-1: Called Strike 1-2: SINGLE (Groundball, 6MD) Jeremy Holmes to second
|
Batting: SHB William Daly
|
0-0: Ball 1-0: Ball 2-0: Ball 3-0: Called Strike 3-1: Foul Ball, location: 2F 3-2: Base on Balls Jeremy Holmes to third Jaime Delgado to second
|
Pitching: RHP Gavin Robbins
|
|
Batting: LHB Claudio Rodríguez
|
0-0: Called Strike 0-1: Ball 1-1: Foul Ball, location: 2F 1-2: DOUBLE (Flyball, 89XD) Jeremy Holmes scores Jaime Delgado scores William Daly to third
|
Batting: RHB Iván De Jesús
|
0-0: Called Strike 0-1: Foul Ball, location: 2F 0-2: Ball 1-2: Foul Ball, location: 2F 1-2: Ball 2-2: SINGLE (Groundball, 6D) William Daly scores Claudio Rodríguez to third Runner from 3rd tries for Home, SAFE, no throw
|
Batting: RHB Jeff Bane
|
0-0: Ball 1-0: Swinging Strike 1-1: SINGLE (Line Drive, 8RS) Iván De Jesús to second
|
Batting: RHB David Suarze
|
0-0: Called Strike Iván De Jesús steals 3rd base Jeff Bane to second 0-1: Ball 1-1: Ball 2-1: Ball 3-1: Base on Balls
|
Batting: RHB Gilberto Silva
|
0-0: SINGLE (Line Drive, 8LS) Iván De Jesús scores Jeff Bane to third David Suarze to second Throwing error, E8 Jeff Bane scores David Suarze to third Gilberto Silva to second
|
Batting: RHB Manny Moreno
|
0-0: Ball 1-0: Called Strike 1-1: Ground out 5-3 (Groundball, 56S) David Suarze scores Gilberto Silva to third
|
Pitching: RHP Matt Ruskin
|
|
Batting: SHB Jeremy Holmes
|
0-0: Ball 1-0: Foul Ball, location: 2F 1-1: SINGLE (Groundball, 4MD) Gilberto Silva scores
|
Batting: RHB Jaime Delgado
|
0-0: Ball 1-0: Swinging Strike 1-1: Ball 2-1: Fly out, F9 (Flyball, 89M)
|
Bottom of the 4th over - 9 run(s), 8 hit(s), 1 error(s), 1 left on base; Buffalo 0 - Rio Grande 20 |
TOP OF THE 5TH |
Buffalo LightSabres batting - Pitching for Rio Grande Rattlesnake : RHP Manny Silva
|
Batting: RHB Mario Solís
|
0-0: Ball 1-0: Swinging Strike 1-1: Foul Ball, location: 2F 1-2: Strikes out swinging
|
Batting: RHB Mike Wagner
|
0-0: Ball 1-0: Ball 2-0: SINGLE (Flyball, 9LS)
|
Batting: RHB Pedro Romero
|
0-0: Called Strike 0-1: Called Strike 0-2: Ball 1-2: Strikes out swinging
|
Batting: SHB Jason Mason
|
0-0: Ball Mike Wagner is caught stealing 2nd base
|
Top of the 5th over - 0 run(s), 1 hit(s), 0 error(s), 0 left on base; Buffalo 0 - Rio Grande 20 |
BOTTOM OF THE 5TH |
Rio Grande Rattlesnake batting - Pitching for Buffalo LightSabres : RHP Matt Ruskin
|
Batting: SHB William Daly
|
0-0: Ball 1-0: Ball 2-0: Called Strike 2-1: Foul Ball, location: 2F 2-2: Ground out 5-3 (Groundball, 56)
|
Batting: LHB Claudio Rodríguez
|
0-0: Ball 1-0: Ball 2-0: Called Strike 2-1: Ball 3-1: Called Strike 3-2: Base on Balls
|
Batting: RHB Iván De Jesús
|
0-0: Ball Wild Pitch! Claudio Rodríguez to second 1-0: Ball 2-0: Ball 3-0: Base on Balls
|
Batting: RHB Jeff Bane
|
0-0: Ball 1-0: Called Strike 1-1: Fielders Choice at 2nd, 3-6 (Groundball, 34) Claudio Rodríguez to third
|
Batting: RHB David Suarze
|
0-0: Ball 1-0: Foul Ball, location: 2F 1-1: Called Strike 1-2: Ball 2-2: Ball 3-2: SINGLE (Groundball, 5D) Claudio Rodríguez scores Jeff Bane to second Jeff Bane to third
|
Batting: RHB Gilberto Silva
|
Balk! Jeff Bane scores David Suarze to second 0-0: Foul Ball, location: 2F 0-1: Ball 1-1: Called Strike 1-2: Ball 2-2: Ball 3-2: Fly out, F8 (Line Drive, 89D)
|
Bottom of the 5th over - 2 run(s), 1 hit(s), 0 error(s), 1 left on base; Buffalo 0 - Rio Grande 22 |
TOP OF THE 6TH |
Buffalo LightSabres batting - Pitching for Rio Grande Rattlesnake : RHP Manny Silva
|
Batting: SHB Jason Mason
|
0-0: Called Strike 0-1: Ball 1-1: Ball 2-1: Ball 3-1: Foul Ball, location: 2F 3-2: SINGLE (Groundball, 56D)
|
Batting: RHB Gabriel Ángel
|
0-0: Ball 1-0: Ball 2-0: Ball 3-0: Called Strike 3-1: Fly out, F6 (Popup, 56D)
|
Batting: LHB Garrett King
|
0-0: Swinging Strike 0-1: Ball 1-1: Called Strike Jason Mason is caught stealing 2nd base 1-2: Fly out, F7 (Flyball, 7S)
|
Top of the 6th over - 0 run(s), 1 hit(s), 0 error(s), 0 left on base; Buffalo 0 - Rio Grande 22 |
BOTTOM OF THE 6TH |
Rio Grande Rattlesnake batting - Pitching for Buffalo LightSabres : RHP Matt Ruskin
|
Batting: RHB Manny Moreno
|
0-0: Called Strike 0-1: Called Strike 0-2: Strikes out swinging
|
Batting: SHB Jeremy Holmes
|
0-0: Ball 1-0: Ball 2-0: Called Strike 2-1: Ball 3-1: Fly out, F6 (Popup, 6MD)
|
Batting: RHB Jaime Delgado
|
0-0: Ball 1-0: Ball 2-0: Ball 3-0: Base on Balls
|
Batting: SHB William Daly
|
0-0: Called Strike 0-1: Ball 1-1: Ball Wild Pitch! Jaime Delgado to second 2-1: Swinging Strike 2-2: Ball Wild Pitch! Jaime Delgado to third 3-2: Foul Ball, location: 2F 3-2: Base on Balls
|
Batting: LHB Claudio Rodríguez
|
0-0: Ball 1-0: Ball 2-0: Called Strike 2-1: Ball 3-1: Base on Balls William Daly to second
|
Batting: RHB Iván De Jesús
|
0-0: Called Strike 0-1: SINGLE (Line Drive, 7S) Jaime Delgado scores William Daly to third Claudio Rodríguez to second Runner from 3rd tries for Home, SAFE, no throw
|
Pitching: RHP Clifton Hampton
|
|
Batting: RHB Jeff Bane
|
0-0: Swinging Strike 0-1: Fly out, F6 (Popup, 6D)
|
Bottom of the 6th over - 2 run(s), 1 hit(s), 0 error(s), 2 left on base; Buffalo 0 - Rio Grande 24 |
TOP OF THE 7TH |
Buffalo LightSabres batting - Pitching for Rio Grande Rattlesnake : RHP Manny Silva
|
Batting: LHB Zack Payton
|
0-0: SINGLE (Flyball, 89S)
|
Batting: LHB Craig Kenney
|
0-0: Foul Ball, location: 2F 0-1: Ball 1-1: Called Strike 1-2: Foul Ball, location: 2F 1-2: Foul Ball, location: 2F 1-2: Foul Ball, location: 2F 1-2: Ball 2-2: Fly out, F6 (Line Drive, 6M)
|
Pitching: RHP Albert Gonzáles
|
|
Batting: RHB Augusto Padilla
|
0-0: Foul Ball, location: 2F 0-1: Swinging Strike 0-2: Strikes out swinging
|
Batting: RHB Mario Solís
|
0-0: Ball 1-0: Ball 2-0: Swinging Strike 2-1: Foul Ball, location: 2F 2-2: Fly out, F6 (Popup, 6D)
|
Top of the 7th over - 0 run(s), 1 hit(s), 0 error(s), 1 left on base; Buffalo 0 - Rio Grande 24 |
BOTTOM OF THE 7TH |
Rio Grande Rattlesnake batting - Pitching for Buffalo LightSabres : RHP Clifton Hampton
|
Batting: RHB David Suarze
|
0-0: Foul Ball, location: 2F 0-1: Ball 1-1: Ball 2-1: Ball 3-1: Swinging Strike 3-2: Base on Balls
|
Batting: RHB Gilberto Silva
|
0-0: Called Strike David Suarze steals 2nd base 0-1: Ball 1-1: Swinging Strike 1-2: Ground out 6-3 (Groundball, 6) David Suarze to third
|
Batting: RHB Manny Moreno
|
0-0: Ball 1-0: Ball 2-0: Called Strike Balk! David Suarze scores 2-1: Swinging Strike 2-2: Foul Ball, location: 2F 2-2: Strikes out swinging
|
Batting: SHB Jeremy Holmes
|
0-0: Ball 1-0: Called Strike 1-1: Ball 2-1: Swinging Strike 2-2: Ball 3-2: Base on Balls
|
Batting: RHB Jaime Delgado
|
0-0: Called Strike 0-1: Fly out, F8 (Flyball, 8RM)
|
Bottom of the 7th over - 1 run(s), 0 hit(s), 0 error(s), 1 left on base; Buffalo 0 - Rio Grande 25 |
TOP OF THE 8TH |
Buffalo LightSabres batting - Pitching for Rio Grande Rattlesnake : RHP Albert Gonzáles
|
Batting: RHB Mike Wagner
|
0-0: Ball 1-0: Fly out, F4 (Popup, 34D)
|
Batting: RHB Pedro Romero
|
0-0: Ball 1-0: Foul Ball, location: 2F 1-1: Fly out, F8 (Flyball, 8RM)
|
Batting: SHB Jason Mason
|
0-0: Ball 1-0: Called Strike 1-1: Foul Ball, location: 2F 1-2: Strikes out swinging
|
Top of the 8th over - 0 run(s), 0 hit(s), 0 error(s), 0 left on base; Buffalo 0 - Rio Grande 25 |
BOTTOM OF THE 8TH |
Rio Grande Rattlesnake batting - Pitching for Buffalo LightSabres : RHP Clifton Hampton
|
Batting: SHB William Daly
|
0-0: Swinging Strike 0-1: SINGLE (Flyball, 78S)
|
Batting: LHB Claudio Rodríguez
|
0-0: Called Strike 0-1: Ball 1-1: Swinging Strike 1-2: Ball 2-2: Foul Ball, location: 2F 2-2: Ball 3-2: Foul Ball, location: 2F 3-2: Strikes out swinging
|
Batting: RHB Iván De Jesús
|
0-0: Ball 1-0: Ball 2-0: Ball 3-0: Base on Balls William Daly to second
|
Batting: RHB Jeff Bane
|
0-0: Ground out 6-3 (Groundball, 6S) William Daly to third Iván De Jesús to second
|
Batting: RHB David Suarze
|
0-0: Ball 1-0: Called Strike 1-1: Called Strike 1-2: Ball Wild Pitch! William Daly scores Iván De Jesús to third 2-2: Ball 3-2: Fly out, F8 (Flyball, 8LD)
|
Bottom of the 8th over - 1 run(s), 1 hit(s), 0 error(s), 1 left on base; Buffalo 0 - Rio Grande 26 |
TOP OF THE 9TH |
Buffalo LightSabres batting - Pitching for Rio Grande Rattlesnake : RHP Albert Gonzáles
|
Now at 3B: Juan López
|
|
Batting: RHB Gabriel Ángel
|
0-0: Ball 1-0: Foul Ball, location: 2F 1-1: Foul Ball, location: 2F 1-2: Ball 2-2: Ball 3-2: Fly out, F9 (Flyball, 9S)
|
Batting: LHB Garrett King
|
0-0: Ball 1-0: Foul Ball, location: 2F 1-1: Ball 2-1: Foul Ball, location: 2F 2-2: Strikes out swinging
|
Batting: LHB Zack Payton
|
0-0: Hit by Pitch
|
Batting: LHB Craig Kenney
|
0-0: Foul Ball, location: 2F 0-1: SINGLE (Line Drive, 8LM) Zack Payton to second
|
Batting: RHB Augusto Padilla
|
0-0: Ball 1-0: Foul Ball, location: 2F 1-1: Ground out 4-3 (Groundball, 34D)
|
Top of the 9th over - 0 run(s), 1 hit(s), 0 error(s), 2 left on base; Buffalo 0 - Rio Grande 26 |
|